AoeStats
← NotATryhard11

Four Lakes

503322039Analyzed
2v2 RM · 1mo ago on Aug 31, 2026· 51m 1s· 4 players
Game mode
Random Map
Map size
Medium (4 player)
Population
200
Speed
Normal
Resources
Standard
Victory
Conquest
Starting age
Dark Age
Ending age
Imperial Age
RankedLock teamsTeams togetherTeam positionsShared explorationLock speedFull tech treeHidden civsTurbo modeCheats
Victory
Defeat
🇺🇸 Khmer · United States
1164
+13
🇺🇸 Mongols · United States
959
+39
🇵🇦 Ethiopians · Panama
1109
-18
🇵🇦 Japanese · Panama
1106
-18
OnlyFarms
11:07 Feudal Age
11:17 Loom
17:46 Castle Age
16:13 Double-Bit Axe
16:28 Arson
16:48 Scale Mail Armor
16:58 Forging
20:44 Fletching
22:16 Bodkin Arrow
23:40 Pikeman
26:25 Ballistics
28:23 Husbandry
34:23 Thumb Ring
48:05 Imperial Age
hlezcano91
7:55 Loom
10:21 Feudal Age
11:24 Double-Bit Axe
17:14 Fletching
17:25 Padded Archer Armor
23:57 Castle Age
24:01 Crossbowman
24:38 Bodkin Arrow
24:59 Leather Archer Armor
25:53 Bow Saw
29:06 Gold Mining
32:22 Thumb Ring
33:45 Ballistics
34:20 Wheelbarrow
37:11 Hand Cart
37:10 Elite Skirmisher
42:21 Imperial Age
44:24 Conscription
44:16 Forging
44:07 Scale Mail Armor
44:08 Bracer
44:38 Ring Archer Armor
45:38 Chemistry
44:21 Halberdier
46:37 Two-Man Saw
DMoney
8:01 Loom
10:22 Feudal Age
12:22 Double-Bit Axe
15:14 Fletching
21:58 Castle Age
22:55 Thumb Ring
23:23 Gold Mining
23:53 Bow Saw
23:27 Fishing Lines
31:14 Bloodlines
32:00 Husbandry
34:02 Ballistics
33:56 Padded Archer Armor
37:43 Leather Archer Armor
37:24 Bodkin Arrow
43:53 Imperial Age
44:09 Town Watch
45:00 Wheelbarrow
45:07 Gold Shaft Mining
45:20 Parthian Tactics
44:18 Heavy Cavalry Archer
45:05 Light Cavalry
46:15 Elite Skirmisher
46:18 Hussar
50:09 Forging
51:50 Hand Cart
NotATryhard11
7:44 Loom
10:14 Feudal Age
13:37 Scale Barding Armor
13:56 Double-Bit Axe
16:01 Bloodlines
18:35 Castle Age
18:27 Bloodlines
19:17 Scale Barding Armor
20:08 Husbandry
20:45 Fishing Lines
22:23 Bow Saw
22:02 Horse Collar
23:43 Gillnets
25:08 Chain Barding Armor
27:33 Forging
28:54 Wheelbarrow
28:06 Town Watch
33:09 Iron Casting
34:29 Scale Mail Armor
34:21 Fletching
35:10 Bodkin Arrow
41:19 Imperial Age
39:45 Padded Archer Armor
40:03 Hand Cart
42:21 Conscription
41:39 Demolition Ship
42:23 Cavalier
44:01 Plate Barding Armor
44:20 Gold Mining
44:36 Heavy Plow
45:51 Blast Furnace
46:01 Medium Warships
48:02 Bracer
Connection lost

Rejoining the realm…

Still unreachable

The connection could not be restored.

Session expired

The server has moved on; the page needs a fresh start.